Map: Apotheosis LE

Players

SLicKcHeeZEE

  • Race: Zerg Zerg
  • League: Bronze

A.I. 1 (Very Hard) - Winner!

  • Race: Terran Terran

VOD

Have the link to the VOD?

Description

Time

  • Played on: Sept. 28, 2026, 7:01 p.m.
  • Length: 17:59
Show
View Real Time Build Order
Export as new Build Order

SLicKcHeeZEE Zerg 

Build Orders: Hatch First, Roach Hydra 

Get SALT Encoding   

  6  0:00  Drone  
  9  0:11  Drone  
  10  0:16  Drone  
  11  0:29  Overlord  
  11  0:34  Drone  
  12  0:47  Drone x2  
  14  0:51  Drone  
  15  1:15  Hatchery  
  14  1:19  Drone  
  14  1:22  Drone  
  16  1:26  Drone  
  17  1:42  Spawning Pool  
  17  1:45  Drone  
  17  1:50  Extractor, Drone  
  17  1:54  Drone  
  18  2:01  Drone  
  19  2:11  Overlord  
  19  2:28  Queen  
  19  2:29  Queen  
  21  2:32  Zergling x2  
  21  2:36  Drone  
  25  2:39  Drone  
  25  2:43  Drone  
  27  2:45  Drone  
  27  2:50  Extractor  
  27  2:54  Overlord  
  27  3:08  Roach Warren  
  26  3:13  Lair  
  26  3:17  Drone  
  27  3:21  Drone  
  27  3:23  Drone  
  27  3:26  Drone  
  30  3:42  Overlord  
  32  3:48  Roach x2  
  32  3:49  Roach  
  32  3:51  Roach  
  38  4:01  Queen  
  40  4:12  Hydralisk Den  
  40  4:14  Overlord  
  40  4:16  Drone  
  40  4:18  Drone  
  41  4:24  Drone x2  
  43  4:40  Hydralisk  
  43  4:41  Hydralisk x2  
  43  4:43  Hydralisk  
  51  4:48  Overlord  
  51  4:52  Glial Reconstitution  
  51  4:58  Drone, Extractor  
  51  5:03  Drone x2  
  53  5:10  Drone  
  53  5:11  Drone  
  55  5:16  Grooved Spines  
  55  5:20  Evolution Chamber  
  54  5:37  Drone  
  54  5:38  Drone x2  
  54  5:39  Hatchery  
  54  5:41  Overlord  
  56  5:46  Zerg Missile Weapons Level 1  
  56  5:51  Overlord  
  56  5:59  Drone x2  
  56  6:00  Drone  
  56  6:01  Drone  
  60  6:09  Muscular Augments  
  60  6:10  Overlord  
  60  6:13  Drone  
  60  6:16  Drone  
  60  6:17  Drone  
  63  6:35  Drone x4  
  63  6:36  Drone x3  
  63  6:37  Drone  
  63  6:38  Overlord  
  63  6:39  Overlord  
  71  6:50  Evolution Chamber  
  71  6:53  Drone x2, Baneling Nest  
  71  6:59  Queen  
  73  7:04  Zergling x2  
  73  7:05  Zergling x8  
  73  7:06  Zergling x2  
  73  7:08  Zergling x2  
  80  7:10  Zergling x2  
  81  7:16  Overlord x2  
  81  7:30  Hydralisk x2  
  81  7:31  Hydralisk x4  
  93  7:41  Roach x4  
  101  7:48  Baneling x7  
  101  7:49  Baneling  
  101  7:53  Overlord  
  101  7:54  Overlord  
  80  8:30  Roach  
  80  8:31  Roach x3  
  80  8:32  Roach, Hydralisk x2  
  80  8:33  Hydralisk x7, Roach  
  110  8:58  Hatchery  
  109  9:52  Zergling x8  
  113  9:53  Zergling x8  
  113  9:54  Zergling x8  
  113  9:55  Zergling x8  
  75  10:39  Hydralisk x6  
  75  10:40  Hydralisk x8  
  75  10:42  Roach x7  
  117  10:54  Baneling x6  
  117  10:55  Baneling x4  
  115  10:59  Baneling x4  
  115  11:00  Baneling x2  
  115  11:15  Roach x2  
  115  11:16  Roach x7  
  133  11:31  Overlord x6  
Show
View Real Time Build Order
Export as new Build Order

A.I. 1 (Very Hard) Terran - Winner!

Build Orders:  

Get SALT Encoding   

  6  0:00  SCV  
  9  0:13  SCV  
  10  0:25  SCV  
  11  0:37  SCV  
  12  0:46  Supply Depot  
  12  0:49  SCV  
  13  0:59  Refinery  
  13  1:08  SCV  
  14  1:20  SCV, Barracks  
  15  1:32  SCV  
  16  1:44  SCV  
  17  1:56  SCV  
  18  2:07  Marine  
  19  2:08  SCV  
  19  2:10  Factory  
  20  2:19  Supply Depot  
  20  2:21  Orbital Command  
  20  2:32  Barracks  
  20  2:35  Marine  
  21  2:47  SCV  
  22  2:54  Barracks Tech Lab, Hellion  
  24  2:59  SCV  
  25  3:06  Supply Depot  
  25  3:14  Marauder, Concussive Shells  
  25  3:17  Hellion  
  29  3:20  Barracks Tech Lab  
  29  3:29  SCV  
  30  3:35  Marauder  
  30  3:38  Marine  
  33  3:45  Supply Depot  
  33  3:47  SCV  
  34  3:55  Stimpack  
  34  3:56  Marine, Marauder  
  37  4:07  SCV  
  37  4:08  Refinery  
  38  4:14  Marine  
  38  4:15  Supply Depot  
  39  4:18  Marauder  
  39  4:19  SCV  
  43  4:31  SCV  
  43  4:32  Marine  
  44  4:39  Marine  
  44  4:43  SCV  
  46  4:47  Barracks  
  46  4:50  Marauder  
  46  4:51  Supply Depot  
  48  4:56  Marine  
  49  5:02  Command Center  
  49  5:11  Marine  
  50  5:14  Marine  
  51  5:27  Starport  
  51  5:29  Marauder  
  51  5:32  Marine  
  51  5:34  Barracks Reactor  
  54  5:37  Supply Depot  
  54  5:50  Engineering Bay, Marine, Marauder  
  57  6:03  Medivac  
  59  6:09  Marauder  
  61  6:11  Marine  
  61  6:15  Supply Depot  
  61  6:17  SCV, Terran Infantry Weapons Level 1  
  63  6:21  SCV  
  64  6:27  Marine  
  64  6:29  SCV  
  66  6:33  Medivac, SCV  
  66  6:37  Marauder  
  71  6:41  SCV, Marauder  
  71  6:44  Marine  
  71  6:45  SCV  
  76  6:49  Marine  
  76  6:53  SCV  
  78  6:57  SCV  
  78  6:58  Marauder  
  81  7:02  Supply Depot  
  81  7:05  Marauder, SCV  
  84  7:09  SCV  
  84  7:11  Combat Shield  
  85  7:17  SCV  
  85  7:21  SCV  
  87  7:23  Engineering Bay  
  87  7:27  Supply Depot  
  87  7:29  SCV  
  88  7:33  SCV  
  89  7:40  Missile Turret  
  89  7:41  SCV  
  90  7:45  SCV  
  90  7:49  Terran Infantry Armor Level 1  
  91  7:52  Missile Turret  
  91  7:53  SCV  
  91  7:55  Barracks, Starport Reactor  
  91  7:58  SCV  
  93  8:03  Marine  
  93  8:04  Supply Depot  
  93  8:05  Marine, SCV  
  95  8:07  Marine  
  95  8:08  Marine  
  95  8:10  Orbital Command  
  63  8:21  Marine  
  63  8:23  Marine  
  63  8:25  Marine x2  
  58  8:31  Viking  
  58  8:32  Medivac  
  62  8:39  Marauder  
  62  8:40  Marine  
  65  8:42  Missile Turret, Marine x2  
  65  8:43  Marine  
  68  8:51  Refinery  
  68  8:58  Marine  
  68  9:00  Marine x2  
  68  9:01  Marine x2, Viking  
  68  9:02  Medivac  
  77  9:03  Missile Turret  
  77  9:11  Refinery  
  77  9:13  SCV  
  77  9:16  Marine  
  79  9:18  Marine x2  
  79  9:23  Missile Turret  
  81  9:31  Viking  
  81  9:32  Medivac  
  81  9:33  SCV  
  81  9:34  Factory  
  81  9:36  Marauder  
  81  9:37  Marauder  
  90  9:45  Command Center  
  90  9:58  Marauder x2  
  94  10:01  Medivac  
  94  10:02  Viking  
  94  10:04  Supply Depot  
  98  10:15  Marine x2  
  98  10:16  Marine  
  98  10:18  Factory Tech Lab  
  98  10:19  Marine, Marauder  
  90  10:31  Viking  
  90  10:32  Medivac  
  90  10:33  Marine x2  
  90  10:34  Marine  
  97  10:36  Siege Tank  
  97  10:37  Armory  
  97  10:38  Marauder  
  97  10:41  Marauder  
  104  10:47  Hellion  
  106  10:51  Marine, Supply Depot  
  107  10:58  SCV  
  107  10:59  Marauder  
  107  11:00  SCV x2  
  112  11:08  Siege Tank  
  112  11:09  Hellion  
  112  11:10  Factory  
  112  11:11  SCV  
  118  11:13  SCV  
  118  11:16  SCV  
  120  11:23  SCV  
  120  11:25  SCV, Terran Infantry Weapons Level 2  
  122  11:27  Infernal Pre-Igniter  
  122  11:28  SCV  
  122  11:31  Factory Tech Lab  
  122  11:33  Supply Depot  
  122  11:35  SCV  
  123  11:40  Siege Tank, SCV  
  123  11:42  SCV  
  123  11:43  Refinery  
  128  11:47  SCV  
  128  11:49  Hellion  
  128  11:50  Refinery  
  134  11:54  SCV, Hellion  
  134  11:56  SCV  
  134  11:58  Supply Depot  
  134  11:59  SCV  
  121  12:08  SCV  
  121  12:09  SCV  
  121  12:10  Thor  
  121  12:11  Terran Vehicle Weapons Level 1, SCV  
  121  12:12  Hellion  
  133  12:15  Hellion  
  133  12:20  SCV  
  133  12:22  SCV  
  135  12:23  SCV  
  135  12:28  Supply Depot  
  136  12:33  Thor  
  136  12:36  Armory, Orbital Command  
  142  12:38  Missile Turret  
  142  12:42  Missile Turret, Factory Tech Lab  
  142  12:53  Thor  
  142  12:57  Supply Depot  
  148  13:00  Widow Mine  
  150  13:16  Thor  
  150  13:17  Command Center  
  156  13:22  Supply Depot, Widow Mine, Hi-Sec Auto Tracking  
  156  13:23  Terran Vehicle And Ship Armor Level 1  
  156  13:24  Missile Turret  
  158  13:29  Starport  
  158  13:36  Siege Tank  
  161  13:41  Neosteel Armor  
  161  13:43  Hellion  
  161  13:46  Supply Depot  
  163  13:54  Missile Turret  
  163  13:59  Marine, Siege Tank  
  167  14:03  Marine  
  167  14:05  Hellion, Starport Tech Lab  
  167  14:08  Siege Tank  
  173  14:11  Supply Depot  
  173  14:21  Missile Turret  
  173  14:25  Raven  
  173  14:26  Terran Infantry Weapons Level 3, Hellion  
  173  14:31  SCV, Siege Tank  
  181  14:40  Hellion  
  181  14:41  Planetary Fortress, Refinery  
  181  14:42  Command Center  
  181  14:43  Missile Turret  
  181  14:44  Missile Turret  
  183  14:47  Siege Tank, Missile Turret  
  183  14:48  Refinery  
  186  14:59  Raven  
  188  15:11  Factory  
  188  15:13  Cyclone  
  191  15:18  Cyclone  
  191  15:20  Terran Vehicle Weapons Level 2  
  194  15:27  Marauder  
  196  15:30  Hellion  
  193  15:39  Marine  
  194  15:45  Hellion  
  196  16:06  Planetary Fortress, Refinery, Command Center  
  196  16:10  Missile Turret  
  196  16:18  Missile Turret  
  196  16:20  Missile Turret  
  196  16:21  Refinery  
  196  16:31  Thor  
  200  17:27  Refinery  
  200  17:32  Missile Turret, Command Center  
  200  17:40  Missile Turret  
  200  17:42  Missile Turret  
  200  17:44  Refinery  
Tags
 
Composition
Roach Hydra
League
Bronze
Matchup
TvZ
Add a new tag
Caveats
  • Supply blocks, unpowered buildings, or Contaminate may cause inaccurate times.
  • Supply counts are checked every 10 seconds.